 Dungeon Crawl Stone Soup version 0.29-a0-233-g1125b37a9b (webtiles) character file.

Game seed: 16540983737609631060

98 spaghetti the Ruffian (level 4, -2/63 HPs)
             Began as a Naga Berserker on Mar 1, 2022.
             Was a Believer of Trog.
             Slain by an adder (3 damage)
             ... on level 3 of the Dungeon.
             The game lasted 00:03:10 (3271 turns).

spaghetti the Ruffian (Naga Berserker)              Turns: 3271, Time: 00:03:10

Health: -2/63      AC:  3    Str: 21    XL:     4   Next: 71%
Magic:  4/4        EV:  9    Int:  7    God:    Trog [**....]
Gold:   97         SH:  0    Dex: 11    Spells: 3/3 levels left

rFire   . . .      SeeInvis +     - Unarmed
rCold   . . .      Faith    .   (no shield)
rNeg    . . .      Spirit   .   a - +0 animal skin
rPois   +          Reflect  .   (no helmet)
rElec   .          Harm     .   (no cloak)
rCorr   .          Rampage  .   p - +0 pair of gloves
Will    .....                   (no barding)
Stlth   ..........              (no amulet)
HPRegen 0.20/turn               (no ring)
MPRegen 0.09/turn               (no ring)

@: berserking (expiring), quick
A: AC +1, large, see invisible, deformed body, poison resistance, slowness 2,
spit poison 1, naga tail 1
a: Spit Poison, Renounce Religion, Berserk, Trog's Hand


You were on level 3 of the Dungeon.
You worshipped Trog.
Trog was pleased with you.
You visited 1 branch of the dungeon, and saw 3 of its levels.

You collected 97 gold pieces.


Innate Abilities, Weirdness & Mutations

Your serpentine skin is tough. (AC +1)
You have supernaturally acute eyesight. (SInv)
Armour fits poorly on your strangely shaped body.
Your system is resistant to poisons. (rPois)
You cover ground very slowly.
You can spit poison.
You have a snake-like lower body.


   Skills:
 - Level 3.0 Fighting
 - Level 1.5 Armour
 - Level 1.5 Dodging
 + Level 5.3 Unarmed Combat


You had 3 spell levels left.
You didn't know any spells.
Your spell library contained the following spells:

 Spells                   Type           Power      Damage    Failure   Level
 Animate Skeleton         Necr           0%         N/A       43%         1
 Pain                     Necr           0%         1d4       43%         1
 Vampiric Draining        Necr           0%         2d6       80%         3

Inventory:

Hand Weapons
 l - a +0 hunting sling {sling}
   (You found it on level 2 of the Dungeon)
 o - the +3 short sword "Kuwoek" {flame, rElec rC+ Will+ SInv, short}
   (You found it on level 2 of the Dungeon)

   It burns those it strikes, dealing additional fire damage.
   rC:        It protects you from cold.
   rElec:     It insulates you from electricity.
   SInv:      It lets you see invisible.
   Will:      It increases your willpower.
Missiles
 h - 74 stones {throwing}
 j - 5 poisoned darts {throwing}
Armour
 a - a +0 animal skin (worn)
 p - a +0 pair of gloves (worn)
   (You found it on level 2 of the Dungeon)
Scrolls
 b - a scroll of enchant armour {unknown}
 d - a scroll of silence {unknown}
 i - 3 scrolls of noise {unknown}
 k - 2 scrolls of amnesia {unknown}
 m - a scroll of magic mapping {unknown}
 n - 4 scrolls of teleportation {unknown}
 r - a scroll of fog {unknown}
 t - a scroll of vulnerability {unknown}
Potions
 c - 2 potions of mutation {unknown}
 e - a potion of resistance {unknown}
 f - a potion of flight {unknown}
 g - a potion of attraction {unknown}
 q - a potion of lignification {unknown}
 s - a potion of invisibility {unknown}
 u - a potion of degeneration {unknown}

Dungeon Overview and Level Annotations

Branches:
Dungeon (3/15)

Altars:
Nemelex Xobeh

Shops:
D:1

[ ##.#'#####
#.#'### #.....#
###)..§.#
###....§§§#
..........§##
........#..§.#
........####.######
........# #@†.....#
........#.'.S.....#
........#.#.....).#
..##########.....#
.##### .# .#


You could see an adder.


Message History

No target in view!
No target in view!
No target in view!
No target in view!
No target in view!
No target in view!
Key pressed, stopping explore.
u - a glowing green potion
Things that are here:
a +0 spear {polearm}; a +0 hunting sling {sling}; a goblin corpse 😎 HP[+7]
Your hp is fully restored (42).
You see here a bat corpse.
There is a stone staircase leading down here.
n - 4 scrolls labelled ZAOZ BUJOXYMMO (gained 3)
You now have 89 gold pieces (gained 11).
You see here a rat corpse.
You see here a +0 spear {polearm}.
Found a runed dagger.
There is an open door here.
You now have 97 gold pieces (gained 8).
A kobold comes into view. It is wielding a +0 short sword.
The kobold shouts!
There is a large open door here.
There is a large open door here.
You barely miss the kobold. The kobold hits you but does no damage.
You hit the kobold.
You kill the kobold!
Trog accepts your kill.
No target in view!
No target in view!
No target in view!
No target in view!
No target in view!
No target in view!
No target in view!
No target in view!
No target in view!
No target in view!
No target in view!
No target in view!
A giant cockroach comes into view.
Things that are here:
a +0 short sword {short}; a kobold corpse A giant cockroach is nearby!
A steam dragon comes into view.
The steam dragon breathes steam at you.
The ball of steam misses the giant cockroach.
The ball of steam hits you!
The giant cockroach is engulfed in a cloud of scalding steam.
The giant cockroach barely misses you.
The giant cockroach is engulfed in a cloud of scalding steam.
The giant cockroach dies!
You are too injured to fight recklessly!
You are too injured to fight recklessly! 😮 HP[-14]
You take 14 damage, and now have 28/42 hp.
MASSIVE DAMAGE!! (PAUSE)
You are too injured to fight recklessly!
An adder comes into view.
A steam dragon is nearby!
Unknown command.
A red film seems to cover your vision as you go berserk!
You feel yourself moving faster!
You feel mighty! The steam dragon breathes steam at you.
The ball of steam hits you!
* * * LOW HITPOINT WARNING * * *
The adder hisses angrily. 😨 HP[-3]
You now have 63 max hp (+21).
You feel a strong urge to attack something.
You are engulfed in a cloud of scalding steam.
* * * LOW HITPOINT WARNING * * *
The steam dragon bites you.
* * * LOW HITPOINT WARNING * * *
The steam dragon claws you.
* * * LOW HITPOINT WARNING * * *
😱 HP[-13]
You take 13 damage, and now have 12/63 hp.
MASSIVE DAMAGE!! (PAUSE)
You barely miss the steam dragon. You punch the steam dragon!
The steam dragon closely misses you. The steam dragon claws you.
* * * LOW HITPOINT WARNING * * *
The adder bites you.
* * * LOW HITPOINT WARNING * * *
😱 HP[-7]
You take 7 damage, and now have 5/63 hp.
Unknown command.
You punch the steam dragon!
The steam dragon bites you but does no damage.
The steam dragon claws you.
* * * LOW HITPOINT WARNING * * *
😱 HP[-4]
You take 4 damage, and now have 1/63 hp.
You punch the steam dragon!
You kill the steam dragon!
Trog accepts your kill. The adder bites you.
You die...

Skill      XL: |  1  2  3  4 |
---------------+-------------+-----
Unarmed Combat | 4 5 |  5.3
Fighting       | |  3.0
Armour         | |  1.5
Dodging        | |  1.5

Action                   |  1- 3 |  4- 6 || total
-------------------------+-------+-------++-------
Melee: Unarmed           |   105 |    77 ||   182
       Punch             |     2 |     5 ||     7
Invok: Berserk           |     2 |     2 ||     4
 Abil: Spit Poison       |     2 |     1 ||     3
 Stab: Sleeping          |     2 |     1 ||     3
Armor: Animal skin       |    11 |    35 ||    46
Dodge: Dodged            |    54 |    38 ||    92

Levels and vault maps discovered:
D:1:      kennysheep_arrival_seaside, layout_loops_cross, serial_shops,
          nicolae_shop_hallway_plus
D:2:      layout_loops_ring, shapermc_ecumenical_altar_starsandcircs
D:3:      layout_basic, nemelex_spade_bored_becter, slow_altar_2

Notes
Turn   | Place    | Note
-------+----------+-------------------------------------------
     0 | D:1      | spaghetti the Naga Berserker began the quest for the Orb.
     0 | D:1      | Reached XP level 1. HP: 21/21 MP: 1/1
     0 | D:1      | magus.rc [v1.9.6]
   434 | D:1      | Reached XP level 2. HP: 28/28 MP: 2/2
   968 | D:1      | Reached skill level 4 in Unarmed Combat
  1060 | D:1      | Found Noiryar's Antique Armour Shop.
  1126 | D:1      | Reached XP level 3. HP: 34/34 MP: 3/3
  1680 | D:2      | Reached ** piety under Trog
  1747 | D:2      | You pick up a book of Necromancy {forbidden} and begin
                  | reading...
  1747 | D:2      | You add the spells Pain, Animate Skeleton and Vampiric
                  | Draining to your library.
  1945 | D:2      | Reached XP level 4. HP: 39/42 MP: 4/4
  2202 | D:2      | Found a faded altar of an unknown god.
  2485 | D:2      | Identified the +3 short sword "Kuwoek" {flame, rElec rC+
                  | Will+ SInv}
  2787 | D:3      | Reached skill level 5 in Unarmed Combat
  2948 | D:3      | Found a sparkling altar of Nemelex Xobeh.
  3261 | D:3      | Noticed a steam dragon
  3266 | D:3      | HP: 15/63 [steam dragon (3)]
  3269 | D:3      | HP: 5/63 [adder (4)]
  3270 | D:3      | HP: 1/63 [steam dragon (4)]
  3271 | D:3      | Killed a steam dragon
  3271 | D:3      | Slain by an adder

Vanquished Creatures
  A steam dragon (D:3)
  3 adders
  A worm (D:2)
  3 dart slugs
  5 endoplasms
  A giant cockroach (D:1)
  6 goblins
  6 hobgoblins
  6 jackals
  2 quokkas
  4 ball pythons
  7 bats
  3 frilled lizards
  6 kobolds
  5 rats
59 creatures vanquished.

Vanquished Creatures (others)
  A giant cockroach (D:3)
1 creature vanquished.

Grand Total: 60 creatures vanquished

Table legend:
 A = Non-vault XP
 B = Vault XP
 C = Vault XP percentage of total XP
 D = Non-vault monster count
 E = Vault monster count
 F = Vault count percentage of total count
                 A         B        C        D         E       F
            +---------+---------+-------+---------+---------+-------
      Total |     331 |       0 |   0.0 |      59 |       0 |   0.0
            +---------+---------+-------+---------+---------+-------
        D:1 |      41 |       0 |   0.0 |      25 |       0 |   0.0
        D:2 |      58 |       0 |   0.0 |      17 |       0 |   0.0
        D:3 |     232 |       0 |   0.0 |      17 |       0 |   0.0
            +---------+---------+-------+---------+---------+-------

Illustrated notes

Table legend:
 A = Kills in this place as a percentage of kills in entire the game.
 B = Kills by you in this place as a percentage of kills by you in the entire game.
 C = Kills by friends in this place as a percentage of kills by friends in the entire game.
 D = Other kills in this place as a percentage of other kills in the entire game.
 E = Experience gained in this place as a percentage of experience gained in the entire game.
 F = Experience gained in this place divided by the number of levels of this place that you have seen.
                   A       B       C       D       E      F
               +-------+-------+-------+-------+-------+----------------------
         Total | 100.0 | 100.0 |   N/A |   N/A | 100.0 | 110.3
       Dungeon | 100.0 | 100.0 |   N/A |   N/A | 100.0 | 110.3
               +-------+-------+-------+-------+-------+----------------------

Table legend: (Time is in decaauts)
 A = Elapsed time spent in this place.
 B = Non-inter-level travel time spent in this place.
 C = Inter-level travel time spent in this place.
 D = Time resting spent in this place.
 E = Time spent auto-exploring this place.
 F = Levels seen in this place.
 G = Mean time per level.
                   A        B        C        D        E       F      G
               +--------+--------+--------+--------+--------+-----+--------+
         Total |   3934 |   3712 |    222 |    859 |   2407 |   3 | 1311.3 |
       Dungeon |   3934 |   3712 |    222 |    859 |   2407 |   3 | 1311.3 |
               +--------+--------+--------+--------+--------+-----+--------+

Top non-repeatable levels by time:
     D:1: 2022 daAuts
     D:2: 1264 daAuts
     D:3: 647 daAuts
